 Dungeon Crawl Stone Soup version 0.22-a0-815-gb582571 (webtiles) character file.

1320 Amnesiac the Magician (level 8, -3/55 HPs)
             Began as a Mummy Earth Elementalist on July 23, 2018.
             Slain by a spear of chaos (4 damage)
             ... on level 6 of the Dungeon.
             The game lasted 00:07:33 (2940 turns).

Amnesiac the Magician (Mummy Earth Elementalist)    Turns: 2940, Time: 00:07:34

Health: -3/55      AC:  4    Str: 12    XL:     8   Next: 33%
Magic:  0/17       EV: 13    Int: 19    God:
Gold:   127        SH:  0    Dex: 12    Spells: 5/20 levels left

rFire    x . .     SeeInvis +   e - +0 dagger
rCold    + + .     Gourm    .   (no shield)
rNeg     + + +     Faith    .   n - +1 robe
rPois    ∞         Spirit   .   (no helmet)
rElec    .         Reflect  .   (no cloak)
rCorr    .         Harm     .   (no gloves)
MR       ++...                  a - +0 pair of boots
Stlth    ++........             (no amulet)
HPRegen  0.18/turn              i - ring "Zaoky" {rC+ MR+ Int+3 Slay+3}
MPRegen  0.15/turn              c - ring of see invisible

@: hasted and slowed
A: no food or potions, fire vulnerability, cold resistance 1, negative energy
resistance 3, torment resistance, unbreathing
a: no special abilities


You were on level 6 of the Dungeon.
You were not hungry.

You visited 1 branch of the dungeon, and saw 6 of its levels.

You collected 127 gold pieces.

Inventory:

Hand Weapons
 e - a +0 dagger (weapon)
Missiles
 b - 63 stones
 g - 6 javelins (quivered)
Armour
 a - a +0 pair of boots (worn)
 j - a cursed +0 buckler
 n - a +1 robe (worn)
Jewellery
 c - a ring of see invisible (right hand)
 i - the ring "Zaoky" (left hand) {rC+ MR+ Int+3 Slay+3}
   (You found it on level 4 of the Dungeon)

   [ring of slaying]

   It affects your intelligence (+3).
   It affects your accuracy and damage with ranged weapons and melee attacks
   (+3).
   It protects you from cold.
   It affects your resistance to hostile enchantments.
 p - an uncursed ring of positive energy {unknown}
Wands
 f - a wand of paralysis (9)
 l - a wand of random effects (28)
 r - a wand of clouds (4)
Scrolls
 d - 2 scrolls of blinking {!r}
 h - a scroll of enchant armour {!r}
 k - 2 scrolls of identify {!r}
 m - a scroll of amnesia {!r, unknown}
 o - a scroll of brand weapon {!r, unknown}
 q - a scroll of remove curse {!r}


   Skills:
 + Level 1.7 Fighting
 - Level 4.0 Dodging
 - Level 1.5 Stealth
 + Level 6.5 Spellcasting
 - Level 0.7 Transmutations
 * Level 6.5 Earth Magic


You had 5 spell levels left.
You knew the following spells:

 Your Spells              Type           Power        Failure   Level  Hunger
a - Sandblast             Erth           ####..       1%          1    N/A
b - Passwall              Tmut/Erth      ###.....     3%          2    N/A
c - Stone Arrow           Conj/Erth      ###...       9%          3    N/A
d - Lee's Rapid Deconstr  Erth           ####......   21%         5    N/A
e - Petrify               Tmut/Erth      ###.....     24%         4    N/A

Your spell library contained the following spells:

 Spells                   Type           Power        Failure   Level  Hunger


Dungeon Overview and Level Annotations

Branches:
Dungeon (6/15)
 Temple: D:4-7

Altars:
Sif Muna
Xom

Shops:
D:4 %*:

Annotations:
D:6 lurker's ghost, novice DDEE


Innate Abilities, Weirdness & Mutations

You do not eat or drink.
Your flesh is vulnerable to fire.
You are immune to poison.
Your flesh is cold resistant. (rC+)
You are immune to negative energy. (rN+++)
You are immune to unholy pain and torment.
You can survive without breathing.


Message History

The spear of chaos completely misses you.
The spear of chaos hits you from afar. The spear of chaos burns you.
Unknown command.
Casting: Lee's Rapid Deconstruction (quite dangerous; 21% risk of failure)
Confirm with . or Enter, or press ? or * to list all spells.
Aiming: Lee's Rapid Deconstruction (quite dangerous; 21% risk of failure)
Press: ? - help, Dir - move target cursor, f/p - spear of chaos Fragment what (e.g. wall or brittle monster)?: a spear of chaos (lightly damaged)
An open door.
The door shatters!
The blast of rock fragments hits the spear of chaos.
The spear of chaos is severely damaged.
The blast of rock fragments hits lurker's ghost.
Lurker's ghost is severely damaged.
The spear of chaos hits you from afar.
You feel your power leaking away. The spear of chaos hits you from afar.
You are electrocuted!
* * * LOW HITPOINT WARNING * * *
Unknown command.
Casting: Lee's Rapid Deconstruction (quite dangerous; 21% risk of failure)
Confirm with . or Enter, or press ? or * to list all spells.
Aiming: Stone Arrow (safe; 9% risk of failure)
Press: ? - help, Shift-Dir - straight line, f/p - spear of chaos
Aim: a spear of chaos (heavily damaged)
The stone arrow hits the spear of chaos.
The spear of chaos is almost destroyed.
The spear of chaos hits you but does no damage.
The spear of chaos hits you from afar.
* * * LOW HITPOINT WARNING * * *
The spear of chaos hits you from afar.
* * * LOW HITPOINT WARNING * * *
The spear of chaos burns you.
* * * LOW HITPOINT WARNING * * *
Unknown command.
Evoke which item? (* to show all) (? for menu, Esc to quit)
Aiming: Random Effects
Press: ? - help, Shift-Dir - straight line, f/p - spear of chaos
Aim: a spear of chaos (almost destroyed)
The spear of chaos flickers and vanishes for a moment.
The spear of chaos hits you but does no damage.
The spear of chaos hits you from afar.
* * * LOW HITPOINT WARNING * * *
You feel yourself speed up.
The spear of chaos hits you but does no damage.
Okay, then.
Casting: Stone Arrow (safe; 9% risk of failure)
Confirm with . or Enter, or press ? or * to list all spells.
Aiming: Sandblast (safe; 1% risk of failure)
Press: ? - help, Shift-Dir - straight line, f/p - spear of chaos
Aim: a spear of chaos (severely damaged, slightly transparent)
The blast of sand hits the spear of chaos.
The spear of chaos is almost destroyed.
b - 63 stones The spear of chaos hits you but does no damage. x2
The spear of chaos hits you from afar!
* * * LOW HITPOINT WARNING * * *
The spear of chaos burns you.
* * * LOW HITPOINT WARNING * * *
The spear of chaos hits you from afar.
* * * LOW HITPOINT WARNING * * *
The spear of chaos misses you. The spear of chaos hits you from afar.
You die...

##....)#...#
#...# #......>..#
##..##
##........##
##..##
#.........#
##..##
#..##.##'###
##..## ...#
#W#.W[####..## ..
##(##.##....##
...##...###.....#
........@......##
.....†.......!.##
#...............#
#...###..####...#
#..# #### ##..#
#.# #..# .. #.†#
#..# #.##


You could see a spear of chaos (invisible) and lurker's ghost.

Vanquished Creatures
  Sigmund (D:6)
  A wyvern (D:5)
  An ogre (D:5)
  A big kobold (D:5)
  2 bullfrogs (D:6)
  A wyvern skeleton (D:6)
  2 scorpions
  A howler monkey (D:4)
  A crimson imp (D:5)
  An orc priest (D:6)
  A bullfrog skeleton (D:5)
  2 hounds
  4 orc wizards
  A centaur skeleton (D:5)
  An iguana (D:4)
  3 worker ants
  A howler monkey zombie (D:5)
  A worker ant zombie (D:5)
  6 gnolls
  6 adders
  An adder zombie (D:4)
  A worm (D:3)
  20 orcs
  A ball python (D:3)
  4 giant cockroaches
  2 goblins (D:3)
  A hobgoblin (D:1)
  3 kobolds (D:3)
  A leopard gecko zombie (D:5)
  A quokka zombie (D:6)
  2 rats
75 creatures vanquished.

Notes
Turn   | Place    | Note
-------+----------+-------------------------------------------
     0 | D:1      | Amnesiac the Mummy Earth Elementalist began the quest for the Orb.
     0 | D:1      | Reached XP level 1. HP: 13/13 MP: 4/4
    62 | D:2      | Reached XP level 2. HP: 19/19 MP: 1/5
   353 | D:3      | Reached XP level 3. HP: 24/24 MP: 7/7
   357 | D:3      | Learned a level 2 spell: Passwall
   361 | D:3      | Learned a level 3 spell: Stone Arrow
   602 | D:4      | Found Sulese's Book Shoppe.
   602 | D:4      | Noticed a scorpion
   686 | D:4      | Reached XP level 4. HP: 27/30 MP: 0/9
   714 | D:4      | Learned a level 4 spell: Petrify
   909 | D:4      | Reached XP level 5. HP: 21/35 MP: 10/10
   914 | D:4      | Got a coiled glass ring
   922 | D:4      | Identified the ring "Zaoky" {rC+ MR+ Int+3 Slay+3} (You found it on level 4 of the Dungeon)
  1326 | D:5      | Entered Level 5 of the Dungeon
  1369 | D:4      | Reached XP level 6. HP: 41/41 MP: 8/12
  1397 | D:4      | Found Ejoapn's General Store.
  1424 | D:4      | Found Riprow's Food Emporium.
  1882 | D:5      | Found a deep blue altar of Sif Muna.
  1926 | D:5      | Noticed a wyvern
  1932 | D:5      | Killed a wyvern
  1932 | D:5      | Reached skill level 5 in Spellcasting
  1932 | D:5      | Reached skill level 5 in Earth Magic
  1932 | D:5      | Reached XP level 7. HP: 38/46 MP: 8/14
  1939 | D:5      | Learned a level 5 spell: Lee's Rapid Deconstruction
  2250 | D:5      | Found a shimmering altar of Xom.
  2504 | D:6      | Noticed Sigmund
  2511 | D:6      | Killed Sigmund
  2511 | D:6      | Reached XP level 8. HP: 52/52 MP: 5/17
  2722 | D:6      | Found a runed door.
  2768 | D:6      | Reached skill level 1 in Fighting
  2869 | D:6      | Found a shimmering altar of Xom.
  2869 | D:6      | Noticed lurker's ghost (novice DDEE)
  2869 | D:6      | Noticed a spear of chaos
  2937 | D:6      | HP: 2/55 [spear of chaos (1)]
  2940 | D:6      | Slain by a spear of chaos

Vault maps used:
D:1:      mrwooster_arrival_statue, minmay_octomino_e4
D:2:      grunt_dithmenos_smoke_and_mirrors, minmay_misc_feat_iff,
          makhleb_heckhound_becter
D:3:      lemuel_crystal_altar, chequers_ecumenical_altar_simple_redux
D:4:      first_ration, serial_shops, nicolae_shop_behind_doors, shop, shop,
          minivault_19
D:5:      kennysheep_big_flooded_room, nicolae_overflow_crystal_walls,
          kennysheep_mini
D:6:      ebering_ghost_xom, uniq_sigmund

Skill      XL: |  1  2  3  4  5  6  7  8 |
---------------+-------------------------+-----
Spellcasting   | 3 4 5 6 |  6.5
Earth Magic    | 3 4 5 6 |  6.5
Dodging        | 2 3 4 |  4.0
Fighting       | 1 |  1.7
Stealth        | |  1.5
Transmutations | |  0.7

Action                   |  1- 3 |  4- 6 |  7- 9 || total
-------------------------+-------+-------+-------++-------
Melee: Club              |     5 |       |       ||     5
       Dagger            |     5 |       |     6 ||    11
Throw: Javelin           |    13 |    35 |    30 ||    78
 Cast: Sandblast         |    16 |    36 |    49 ||   101
       Stone Arrow       |     1 |       |     1 ||     2
       Lee's Rapid Decon |       |       |     5 ||     5
Evoke: Wand              |     1 |       |     1 ||     2
  Use: Scroll            |       |     3 |       ||     3
 Stab: Paralysed         |     5 |       |       ||     5
Armor: Robe              |    12 |       |     8 ||    20
       Leather armour    |       |     7 |     5 ||    12
Dodge: Dodged            |    24 |    24 |    20 ||    68

Table legend:
 A = Spawn XP
 B = Non-spawn XP
 C = Spawn XP percentage of total XP
 D = Spawn monster count
 E = Non-spawn monster count
 F = Spawn count percentage of total count
 G = Total turns spent on level
                    A         B        C        D         E        F      G
               +---------+---------+-------+---------+---------+-------+---------
         Total |       0 |    1887 |   0.0 |       0 |      75 |   0.0 |  2940
               +---------+---------+-------+---------+---------+-------+---------
           D:1 |       0 |       4 |   0.0 |       0 |       2 |   0.0 |    60
           D:2 |       0 |      26 |   0.0 |       0 |       2 |   0.0 |    20
           D:3 |       0 |      58 |   0.0 |       0 |      11 |   0.0 |   719
           D:4 |       0 |     386 |   0.0 |       0 |      22 |   0.0 |   879
           D:5 |       0 |     698 |   0.0 |       0 |      15 |   0.0 |   796
           D:6 |       0 |     715 |   0.0 |       0 |      23 |   0.0 |   466
               +---------+---------+-------+---------+---------+-------+---------
